Penguins vs Sabres
Created - 11 février 2014 at 20:51
Goals
|
| Penguins |
2 |
1 |
2 |
5 |
| Sabres |
3 |
0 |
0 |
3 |
|
Shots
|
| Penguins |
8 |
4 |
12 |
24 |
| Sabres |
6 |
9 |
13 |
28 |
|
1st period
1. Sabres , Ryan Hollweg 21 (Jason Smith, Dominic Moore) at 3:24
2. Penguins , Ville Peltonen 8 (Steven Reinprecht, Dan Hamhuis) at 10:24 (PP)
3. Sabres , Derick Brassard 10 (James Neal, Niclas Bergfors) at 10:34
4. Sabres , James Neal 13 (Johnny Boychuk, Derick Brassard) at 11:31 (PP)
5. Penguins , Ryan Kesler 19 (Darren Reid) at 11:37
Penalties :
James Neal (Buf) for Hooking (Minor) at 8:56, Taylor Pyatt (Pit) for Tripping (Minor) at 10:56, Taylor Pyatt (Pit) for High sticking (Minor) at 14:50
2nd period
6. Penguins , Taylor Pyatt 12 (Ryan Kesler) at 10:36
Penalties :
Niclas Bergfors (Buf) for Tripping (Minor) at 3:13, Tom Preissing (Pit) for Roughing (Minor) at 13:31
3rd period
7. Penguins , Ryan Kesler 20 (Darren Reid, Taylor Pyatt) at 0:25 (PP)
8. Penguins , Brooks Orpik 4 (Taylor Pyatt, Darren Reid) at 19:14
Penalties :
Derick Brassard (Buf) for Hooking (Minor) at 0:11, Steve Staios (Pit) for Hooking (Minor) at 2:15, Nathan Paetsch (Buf) for Holding (Minor) at 7:30
Goalie Stats
Brian Elliott (Pit), 25 saves from 28 shots - (0,893), W, 17-9-7, 60:00 minutes
Ty Conklin (Buf), 19 saves from 24 shots - (0,792), L, 10-12-2, 60:00 minutes
Players Stats for Penguins
Player Name G A P +/- PIM S H SB GA TA FO MP PP MP PK MP
------------------------------------------------------------------------------------
Brad Isbister 0 0 0 -1 0 2 2 1 0 0 0/0 15:10 0:08 0:44
Brooks Orpik 1 0 1 0 0 3 2 3 0 0 0/0 25:08 3:25 3:42
Carlo Colaiacovo 0 0 0 1 0 0 0 0 0 0 0/0 12:41 0:00 0:00
Dainius Zubrus 0 0 0 -1 0 3 3 0 1 0 0/0 14:27 0:05 0:00
Dan Hamhuis 0 1 1 0 0 0 0 2 0 0 0/0 20:35 2:15 2:50
Darren Reid 0 3 3 2 0 3 1 1 1 3 2/2 24:24 2:47 3:37
Denis Arkhipov 0 0 0 -1 0 0 1 0 2 0 6/9 16:38 0:00 1:54
Dennis Seidenberg 0 0 0 0 0 0 0 0 0 0 0/0 4:29 0:00 1:19
Marc-Édouard Vlasic 0 0 0 1 0 0 0 1 0 0 0/0 13:32 0:00 1:19
Mike Watt 0 0 0 0 0 0 0 2 0 0 0/0 5:13 0:00 0:00
Raffi Torres 0 0 0 0 0 0 0 0 0 0 0/0 0:00 0:00 0:00
Ryan Kesler 2 1 3 2 0 4 0 3 0 1 14/29 23:38 2:49 3:48
Steve Staios 0 0 0 0 2 0 2 1 0 0 0/0 25:13 3:25 2:17
Steven Reinprecht 0 1 1 0 0 2 1 0 0 0 5/9 17:21 2:48 0:12
Taylor Pyatt 1 2 3 2 4 3 1 1 0 0 1/2 19:53 2:47 1:03
Ted Purcell 0 0 0 0 0 2 2 1 0 0 0/0 19:06 2:48 1:46
Tom Preissing 0 0 0 0 2 0 2 0 0 0 0/0 18:57 2:15 1:37
Ville Peltonen 1 0 1 0 0 2 0 0 0 1 1/2 16:59 2:48 0:00
Players Stats for Sabres
Player Name G A P +/- PIM S H SB GA TA FO MP PP MP PK MP
------------------------------------------------------------------------------------
Boyd Devereaux 0 0 0 0 0 1 0 1 0 0 1/3 10:15 0:00 1:33
Craig Rivet 0 0 0 -1 0 0 0 0 0 0 0/0 21:32 4:07 2:18
Derick Brassard 1 1 2 -1 2 4 1 1 0 0 16/29 19:59 3:46 0:00
Dominic Moore 0 1 1 1 0 3 1 0 1 0 3/14 15:53 0:00 3:10
James Neal 1 1 2 -1 2 2 4 0 0 0 0/0 21:05 3:46 0:57
Jason Smith 0 1 1 1 0 1 1 1 0 0 0/0 25:00 2:25 3:22
Johnny Boychuk 0 1 1 -1 0 1 1 1 1 0 0/0 21:32 4:07 2:18
Kyle Calder 0 0 0 0 0 2 1 1 1 0 1/1 8:48 0:02 0:00
Ladislav Smid 0 0 0 -1 0 1 3 1 0 1 0/0 13:28 0:00 0:00
Mats Sundin 0 0 0 -1 0 1 4 0 0 0 1/3 15:56 2:46 3:10
Mike Fisher 0 0 0 -1 0 1 0 0 0 1 0/0 10:06 0:00 0:00
Nathan Paetsch 0 0 0 -1 2 0 0 1 0 1 0/0 13:30 0:00 0:00
Niclas Bergfors 0 1 1 -1 2 4 2 2 1 1 2/2 20:09 3:46 0:00
Ole-Kristian Tollefsen 0 0 0 1 0 2 2 1 0 0 0/0 25:00 2:25 3:22
Peter Prucha 0 0 0 -1 0 0 1 0 1 0 0/0 10:25 0:02 0:00
Ryan Hollweg 1 0 1 1 0 2 1 0 0 0 0/0 15:13 2:44 0:00
Steve Downie 0 0 0 1 0 2 3 0 0 0 0/1 16:10 2:44 0:57
Todd White 0 0 0 0 0 1 1 0 0 0 0/0 10:15 0:00 1:33
3 Stars
1 - Ryan Kesler (Pit)
2 - Darren Reid (Pit)
3 - Taylor Pyatt (Pit)
Power Play
Penguins - 2 on 4 Attempt(s) - 50,00%
Sabres - 1 on 4 Attempt(s) - 25,00%
Penalty Kill
Penguins - 3 on 4 Attempt(s) - 75,00%
- Score 0 goal in Penalty Kill
Sabres - 2 on 4 Attempt(s) - 50,00%
- Score 0 goal in Penalty Kill
Official
Referees : Fraser Kerry and Walsh Ian
Linesman : Brian Mach and Brad Lazarowich
Game Notes
No Game Note
Finance
Level 1 -- Attendance: 5003 (83,38%) -- Ticket Income 410 246 $
Level 2 -- Attendance: 4248 (84,96%) -- Ticket Income 212 400 $
Level 3 -- Attendance: 1890 (94,50%) -- Ticket Income 58 590 $
Level 4 -- Attendance: 3566 (89,15%) -- Ticket Income 64 188 $
Luxury Box -- Attendance: 975 (97,50%) -- Ticket Income 145 275 $
Game was played at the Duff Garden
Total Attendance: 15682 (87,12%)
Total Ticket Income: 890 699 $
Other Income: 133 605 $
Total Income: 1 024 304 $
Penguins
5 vs 5 Forward
Center Left Wing Right Wing Time % Phy DF OF
1 Ryan Kesler Taylor Pyatt Darren Reid 40 1 2 2
2 Steven Reinprecht Ville Peltonen Ted Purcell 30 1 2 2
3 Denis Arkhipov Brad Isbister Dainius Zubrus 20 1 2 2
4 Ryan Kesler Mike Watt Darren Reid 10 1 2 2
5 vs 5 Defense
Defense Defense Time % Phy DF OF
1 Steve Staios Brooks Orpik 40 1 2 2
2 Dan Hamhuis Tom Preissing 30 1 2 2
3 Carlo Colaiacovo Marc-Édouard Vlasic 20 1 2 2
4 Dennis Seidenberg Steve Staios 10 1 2 2
PowerPlay Forward
Center Left Wing Right Wing Time % Phy DF OF
1 Ryan Kesler Taylor Pyatt Darren Reid 60 1 2 2
2 Steven Reinprecht Ville Peltonen Ted Purcell 40 1 2 2
PowerPlay Defense
Defense Defense Time % Phy DF OF
1 Steve Staios Brooks Orpik 60 1 2 2
2 Dan Hamhuis Tom Preissing 40 1 2 2
Penalty Kill 4 Players Forward
Center Wing Time % Phy DF OF
1 Ryan Kesler Darren Reid 60 1 2 2
2 Taylor Pyatt Ted Purcell 40 1 2 2
Penalty Kill 4 Players Defense
Defense Defense Time % Phy DF OF
1 Steve Staios Brooks Orpik 60 1 2 2
2 Dan Hamhuis Tom Preissing 40 1 2 2
Penalty Kill - 3 Players Forward
Forward Time % Phy DF OF
1 Ryan Kesler 60 1 2 2
2 Darren Reid 40 1 2 2
Penalty Kill - 3 Players Defense
Defense Defense Time % Phy DF OF
1 Steve Staios Brooks Orpik 60 1 2 2
2 Dan Hamhuis Tom Preissing 40 1 2 2
4 vs 4 Forward
Center Wing Time % Phy DF OF
1 Ryan Kesler Darren Reid 60 1 2 2
2 Taylor Pyatt Ted Purcell 40 1 2 2
4 vs 4 Defense
Defense Defense Time % Phy DF OF
1 Steve Staios Brooks Orpik 60 1 2 2
2 Dan Hamhuis Tom Preissing 40 1 2 2
Last Minutes Offensive
Center Left Wing Right Wing Defense Defense
Ryan Kesler Taylor Pyatt Darren Reid Steve Staios Brooks Orpik
Last Minutes Defensive
Center Left Wing Right Wing Defense Defense
Ryan Kesler Taylor Pyatt Darren Reid Steve Staios Brooks Orpik
Goaltenders
Starting : Brian Elliott
Backup : Ondrej Pavelec
Extra Forwards
Normal : Brad Isbister, Dainius Zubrus, Denis Arkhipov - PP : Brad Isbister, Dainius Zubrus - PK : Denis Arkhipov
Extra Defensemen
Normal : Carlo Colaiacovo, Marc-Édouard Vlasic, Dennis Seidenberg - PP : Carlo Colaiacovo - PK : Marc-Édouard Vlasic, Dennis Seidenberg
Penalty Shots
Ryan Kesler, Darren Reid, Taylor Pyatt, Ted Purcell, Ville Peltonen
Sabres
5 vs 5 Forward
Center Left Wing Right Wing Time % Phy DF OF
1 Derick Brassard James Neal Niclas Bergfors 40 1 2 2
2 Dominic Moore Ryan Hollweg Steve Downie 30 1 2 2
3 Mats Sundin Mike Fisher Peter Prucha 20 1 3 1
4 Boyd Devereaux Kyle Calder Todd White 10 1 4 0
5 vs 5 Defense
Defense Defense Time % Phy DF OF
1 Ole-Kristian Tollefsen Jason Smith 40 1 3 1
2 Johnny Boychuk Craig Rivet 30 1 3 1
3 Ladislav Smid Nathan Paetsch 20 1 3 1
4 Ole-Kristian Tollefsen Jason Smith 10 1 1 3
PowerPlay Forward
Center Left Wing Right Wing Time % Phy DF OF
1 Derick Brassard James Neal Niclas Bergfors 60 0 1 4
2 Mats Sundin Ryan Hollweg Steve Downie 40 2 0 3
PowerPlay Defense
Defense Defense Time % Phy DF OF
1 Johnny Boychuk Craig Rivet 60 1 1 3
2 Ole-Kristian Tollefsen Jason Smith 40 1 1 3
Penalty Kill 4 Players Forward
Center Wing Time % Phy DF OF
1 Dominic Moore Mats Sundin 60 0 5 0
2 Boyd Devereaux Todd White 40 1 4 0
Penalty Kill 4 Players Defense
Defense Defense Time % Phy DF OF
1 Ole-Kristian Tollefsen Jason Smith 60 1 4 0
2 Johnny Boychuk Craig Rivet 40 1 4 0
Penalty Kill - 3 Players Forward
Forward Time % Phy DF OF
1 Dominic Moore 60 0 5 0
2 Boyd Devereaux 40 0 5 0
Penalty Kill - 3 Players Defense
Defense Defense Time % Phy DF OF
1 Ole-Kristian Tollefsen Jason Smith 60 1 4 0
2 Johnny Boychuk Craig Rivet 40 1 4 0
4 vs 4 Forward
Center Wing Time % Phy DF OF
1 Boyd Devereaux Niclas Bergfors 60 0 3 2
2 Dominic Moore Steve Downie 40 1 3 1
4 vs 4 Defense
Defense Defense Time % Phy DF OF
1 Johnny Boychuk Craig Rivet 60 1 3 1
2 Ole-Kristian Tollefsen Jason Smith 40 1 3 1
Last Minutes Offensive
Center Left Wing Right Wing Defense Defense
Derick Brassard Mats Sundin Niclas Bergfors Ole-Kristian Tollefsen Jason Smith
Last Minutes Defensive
Center Left Wing Right Wing Defense Defense
Dominic Moore Boyd Devereaux Mats Sundin Ole-Kristian Tollefsen Jason Smith
Goaltenders
Starting : Ty Conklin
Backup : Mike Brodeur
Extra Forwards
Normal : Niclas Bergfors, Ryan Hollweg, Dominic Moore - PP : Kyle Calder, Peter Prucha - PK : Steve Downie
Extra Defensemen
Normal : Nathan Paetsch, Ladislav Smid, Johnny Boychuk - PP : Nathan Paetsch - PK : Ladislav Smid, Nathan Paetsch
Penalty Shots
Peter Prucha, Niclas Bergfors, Dominic Moore, Mike Fisher, Boyd Devereaux
% Time on Ice - Penguins
Lines # - Real PCT - Wanted PCT - Time Play
Normal Forward
1 - 33% - 40% - 15:40
2 - 31% - 30% - 14:36
3 - 25% - 20% - 12:01
4 - 11% - 10% - 5:07
Normal Defense
1 - 37% - 40% - 17:25
2 - 33% - 30% - 15:48
3 - 26% - 20% - 12:13
4 - 4% - 10% - 1:58
PP Forward
1 - 51% - 60% - 2:52
2 - 49% - 40% - 2:48
PP Defense
1 - 60% - 60% - 3:25
2 - 40% - 40% - 2:15
PK Forward
1 - 73% - 60% - 4:46
2 - 27% - 40% - 1:46
PK Defense
1 - 57% - 60% - 3:42
2 - 43% - 40% - 2:50
PK3 Forward
1 - 0% - 60%
2 - 0% - 40%
PK3 Defense
1 - 0% - 60%
2 - 0% - 40%
44 Forward
1 - 0% - 60%
2 - 0% - 40%
44 Defense
1 - 0% - 60%
2 - 0% - 40%
Last Minute Offensive - 0:00
Last Minute Defensive - 0:24
Total
Forward - 60:00
Defense - 60:00
|
% Time on Ice - Sabres
Lines # - Real PCT - Wanted PCT - Time Play
Normal Forward
1 - 34% - 40% - 16:14
2 - 27% - 30% - 12:50
3 - 21% - 20% - 10:06
4 - 18% - 10% - 8:38
Normal Defense
1 - 38% - 40% - 18:10
2 - 32% - 30% - 15:28
3 - 28% - 20% - 13:28
4 - 1% - 10% - 0:42
PP Forward
1 - 58% - 60% - 3:46
2 - 42% - 40% - 2:46
PP Defense
1 - 63% - 60% - 4:07
2 - 37% - 40% - 2:25
PK Forward
1 - 73% - 60% - 4:07
2 - 27% - 40% - 1:33
PK Defense
1 - 59% - 60% - 3:22
2 - 41% - 40% - 2:18
PK3 Forward
1 - 0% - 60%
2 - 0% - 40%
PK3 Defense
1 - 0% - 60%
2 - 0% - 40%
44 Forward
1 - 0% - 60%
2 - 0% - 40%
44 Defense
1 - 0% - 60%
2 - 0% - 40%
Last Minute Offensive - 0:00
Last Minute Defensive - 0:00
Total
Forward - 60:00
Defense - 60:00
|
Play by Play
1st period
0:01 of 1st period - Derick Brassard wins face-off versus Ryan Kesler in neutral zone.
0:12 of 1st period - Snap shot by Niclas Bergfors.
0:12 of 1st period - Stopped by Brian Elliott with a rebound.
0:14 of 1st period - Snap shot by James Neal.
0:14 of 1st period - Shot Misses the Net.
0:16 of 1st period - Snap shot by Derick Brassard.
0:16 of 1st period - Shot Blocked by Steve Staios.
0:26 of 1st period - Jason Smith is hit by Brooks Orpik.
0:37 of 1st period - Steve Staios is hit by Johnny Boychuk and loses puck.
0:48 of 1st period - Dan Hamhuis is hit by Mats Sundin and loses puck.
1:59 of 1st period - Ladislav Smid is hit by Brad Isbister and loses puck.
2:28 of 1st period - Slapshot by Mats Sundin.
2:28 of 1st period - Shot Blocked by Ted Purcell.
3:22 of 1st period - Wrist shot by Dominic Moore.
3:22 of 1st period - Shot Misses the Net.
3:24 of 1st period - Slapshot by Jason Smith.
3:24 of 1st period - Deflect By Ryan Hollweg.
3:24 of 1st period - Goal by Ryan Hollweg - Penguins : 0 - Sabres : 1.
3:25 of 1st period - Derick Brassard wins face-off versus Ryan Kesler in neutral zone.
3:51 of 1st period - Brooks Orpik is hit by Steve Downie.
4:19 of 1st period - Slapshot by Boyd Devereaux.
4:19 of 1st period - Shot Misses the Net.
4:55 of 1st period - Snap shot by Steven Reinprecht.
4:55 of 1st period - Shot Misses the Net.
5:34 of 1st period - Snap shot by Steven Reinprecht.
5:34 of 1st period - Shot Blocked by Kyle Calder.
5:36 of 1st period - Snap shot by Steven Reinprecht.
5:36 of 1st period - Shot Misses the Net.
5:38 of 1st period - Slapshot by Ville Peltonen.
5:38 of 1st period - Shot Blocked by Nathan Paetsch.
5:50 of 1st period - Taylor Pyatt is hit by Ladislav Smid and loses puck.
6:18 of 1st period - Ted Purcell is hit by Peter Prucha and loses puck.
6:31 of 1st period - Dominic Moore is hit by Denis Arkhipov and loses puck.
7:37 of 1st period - Icing by Johnny Boychuk.
7:38 of 1st period - Kyle Calder wins face-off versus Steven Reinprecht in Sabres zone.
8:39 of 1st period - Backhand shot by Niclas Bergfors.
8:39 of 1st period - Deflect By James Neal.
8:39 of 1st period - Shot Misses the Net.
8:39 of 1st period - Puck is out of play.
8:40 of 1st period - Ryan Kesler wins face-off versus Derick Brassard in Penguins zone.
8:40 of 1st period - Ryan Kesler is hit by James Neal.
8:50 of 1st period - Snap shot by Taylor Pyatt.
8:50 of 1st period - Stopped by Ty Conklin with a rebound.
8:56 of 1st period - Minor Penalty to James Neal for Hooking.
8:57 of 1st period - Ryan Kesler wins face-off versus Dominic Moore in Sabres zone.
9:39 of 1st period - Off-side.
9:40 of 1st period - Steven Reinprecht wins face-off versus Dominic Moore in neutral zone.
9:49 of 1st period - Wrist shot by Ville Peltonen.
9:49 of 1st period - Shot Misses the Net.
10:20 of 1st period - Slapshot by Steven Reinprecht.
10:20 of 1st period - Shot Blocked by Johnny Boychuk.
10:22 of 1st period - Slapshot by Dan Hamhuis.
10:22 of 1st period - Deflect By Steven Reinprecht.
10:22 of 1st period - Stopped by Ty Conklin with a rebound.
10:24 of 1st period - Snap shot by Ville Peltonen.
10:24 of 1st period - Goal by Ville Peltonen - Penguins : 1 - Sabres : 1.
10:25 of 1st period - Niclas Bergfors wins face-off versus Ryan Kesler in neutral zone.
10:30 of 1st period - Snap shot by Niclas Bergfors.
10:30 of 1st period - Shot Blocked by Brooks Orpik.
10:32 of 1st period - Slapshot by James Neal.
10:32 of 1st period - Shot Blocked by Brooks Orpik.
10:34 of 1st period - Snap shot by Derick Brassard.
10:34 of 1st period - Goal by Derick Brassard - Penguins : 1 - Sabres : 2.
10:35 of 1st period - Ryan Kesler wins face-off versus Derick Brassard in neutral zone.
10:50 of 1st period - Snap shot by Derick Brassard.
10:50 of 1st period - Shot Blocked by Darren Reid.
10:56 of 1st period - Minor Penalty to Taylor Pyatt for Tripping.
10:57 of 1st period - Darren Reid wins face-off versus Derick Brassard in Penguins zone.
11:05 of 1st period - Off-side.
11:06 of 1st period - Derick Brassard wins face-off versus Ryan Kesler in neutral zone.
11:21 of 1st period - Slapshot by James Neal.
11:21 of 1st period - Shot Blocked by Ryan Kesler.
11:23 of 1st period - Slapshot by Craig Rivet.
11:23 of 1st period - Shot Misses the Net.
11:27 of 1st period - Wrist shot by Derick Brassard.
11:27 of 1st period - Shot Blocked by Ryan Kesler.
11:29 of 1st period - Snap shot by Johnny Boychuk.
11:29 of 1st period - Shot Blocked by Ryan Kesler.
11:31 of 1st period - Wrist shot by James Neal.
11:31 of 1st period - Goal by James Neal - Penguins : 1 - Sabres : 3.
11:32 of 1st period - Ryan Kesler wins face-off versus Derick Brassard in neutral zone.
11:35 of 1st period - Snap shot by Ryan Kesler.
11:35 of 1st period - Shot Misses the Net.
11:37 of 1st period - Snap shot by Ryan Kesler.
11:37 of 1st period - Goal by Ryan Kesler - Penguins : 2 - Sabres : 3.
11:38 of 1st period - Derick Brassard wins face-off versus Ryan Kesler in neutral zone.
11:43 of 1st period - Backhand shot by Darren Reid.
11:43 of 1st period - Shot Misses the Net.
11:49 of 1st period - Slapshot by Taylor Pyatt.
11:49 of 1st period - Stopped by Ty Conklin with a rebound.
11:51 of 1st period - Slapshot by Darren Reid.
11:51 of 1st period - Deflect By Ryan Kesler.
11:51 of 1st period - Stopped by Ty Conklin without a rebound.
11:52 of 1st period - Ryan Kesler wins face-off versus Steve Downie in Sabres zone.
12:17 of 1st period - Derick Brassard is hit by Steve Staios and loses puck.
12:30 of 1st period - Niclas Bergfors is hit by Steven Reinprecht and loses puck.
12:51 of 1st period - Wrist shot by Mats Sundin.
12:51 of 1st period - Deflect By Brad Isbister.
12:51 of 1st period - Shot Misses the Net.
12:51 of 1st period - Puck is out of play.
12:52 of 1st period - Ryan Kesler wins face-off versus Dominic Moore in Penguins zone.
13:27 of 1st period - Slapshot by Ville Peltonen.
13:27 of 1st period - Stopped by Ty Conklin with a rebound.
14:06 of 1st period - Snap shot by Kyle Calder.
14:06 of 1st period - Stopped by Brian Elliott without a rebound.
14:07 of 1st period - Steven Reinprecht wins face-off versus Derick Brassard in Penguins zone.
14:50 of 1st period - Minor Penalty to Taylor Pyatt for High sticking.
14:51 of 1st period - Derick Brassard wins face-off versus Ryan Kesler in Penguins zone.
14:54 of 1st period - Wrist shot by Derick Brassard.
14:54 of 1st period - Shot Misses the Net.
15:06 of 1st period - Wrist shot by James Neal.
15:06 of 1st period - Shot Misses the Net.
15:40 of 1st period - James Neal is hit by Ted Purcell and loses puck.
15:57 of 1st period - Snap shot by James Neal.
15:57 of 1st period - Shot Blocked by Dan Hamhuis.
16:11 of 1st period - Snap shot by Steve Staios.
16:11 of 1st period - Shot Misses the Net.
16:50 of 1st period - Penalty to Taylor Pyatt is over, Taylor Pyatt is back on ice.
16:53 of 1st period - Snap shot by Taylor Pyatt.
16:53 of 1st period - Shot Misses the Net.
16:55 of 1st period - Wrist shot by Brad Isbister.
16:55 of 1st period - Shot Blocked by Jason Smith.
16:57 of 1st period - Slapshot by Brooks Orpik.
16:57 of 1st period - Deflect By Brad Isbister.
16:57 of 1st period - Shot Blocked by Boyd Devereaux.
16:57 of 1st period - Puck is out of play.
16:58 of 1st period - Steven Reinprecht wins face-off versus Boyd Devereaux in Sabres zone.
17:38 of 1st period - Slapshot by Dominic Moore.
17:38 of 1st period - Stopped by Brian Elliott without a rebound.
17:39 of 1st period - Dominic Moore wins face-off versus Denis Arkhipov in Penguins zone.
17:50 of 1st period - Slapshot by Denis Arkhipov.
17:50 of 1st period - Shot Misses the Net.
17:52 of 1st period - Slapshot by Brooks Orpik.
17:52 of 1st period - Stopped by Ty Conklin with a rebound.
18:04 of 1st period - Brooks Orpik is hit by James Neal and loses puck.
18:24 of 1st period - Slapshot by Ted Purcell.
18:24 of 1st period - Shot Misses the Net.
18:44 of 1st period - Wrist shot by Dainius Zubrus.
18:44 of 1st period - Shot Misses the Net.
Goals for this period are 2 for Penguins vs 3 for Sabres.
Shots for this period are 8 for Penguins vs 6 for Sabres.
2nd period
0:01 of 2nd period - Derick Brassard wins face-off versus Ryan Kesler in neutral zone.
0:12 of 2nd period - Ole-Kristian Tollefsen is hit by Taylor Pyatt and loses puck.
1:37 of 2nd period - Slapshot by Ryan Hollweg.
1:37 of 2nd period - Shot Misses the Net.
1:51 of 2nd period - Wrist shot by Mats Sundin.
1:51 of 2nd period - Shot Misses the Net.
2:23 of 2nd period - Wrist shot by Todd White.
2:23 of 2nd period - Stopped by Brian Elliott with a rebound.
2:25 of 2nd period - Snap shot by Boyd Devereaux.
2:25 of 2nd period - Deflect By Kyle Calder.
2:25 of 2nd period - Shot Blocked by Mike Watt.
2:25 of 2nd period - Puck is out of play.
2:26 of 2nd period - Derick Brassard wins face-off versus Ville Peltonen in Penguins zone.
2:54 of 2nd period - Snap shot by Dainius Zubrus.
2:54 of 2nd period - Deflect By Brad Isbister.
2:54 of 2nd period - Shot Misses the Net.
2:54 of 2nd period - Puck is out of play.
2:55 of 2nd period - Denis Arkhipov wins face-off versus Dominic Moore in Sabres zone.
3:04 of 2nd period - Slapshot by Dainius Zubrus.
3:04 of 2nd period - Stopped by Ty Conklin with a rebound.
3:06 of 2nd period - Wrist shot by Denis Arkhipov.
3:06 of 2nd period - Shot Blocked by Ladislav Smid.
3:08 of 2nd period - Snap shot by Steve Staios.
3:08 of 2nd period - Shot Misses the Net.
3:10 of 2nd period - Wrist shot by Brad Isbister.
3:10 of 2nd period - Stopped by Ty Conklin without a rebound.
3:11 of 2nd period - Derick Brassard wins face-off versus Ryan Kesler in Sabres zone.
3:13 of 2nd period - Minor Penalty to Niclas Bergfors for Tripping.
3:14 of 2nd period - Ryan Kesler wins face-off versus Dominic Moore in Sabres zone.
4:24 of 2nd period - Brooks Orpik is hit by James Neal and loses puck.
5:13 of 2nd period - Penalty to Niclas Bergfors is over, Niclas Bergfors is back on ice.
5:19 of 2nd period - Slapshot by Brad Isbister.
5:19 of 2nd period - Stopped by Ty Conklin with a rebound.
6:03 of 2nd period - Wrist shot by Steve Downie.
6:03 of 2nd period - Shot Blocked by Marc-Édouard Vlasic.
6:13 of 2nd period - Mike Watt is hit by Mats Sundin and loses puck.
6:19 of 2nd period - Icing by Carlo Colaiacovo.
6:20 of 2nd period - Denis Arkhipov wins face-off versus Mats Sundin in Penguins zone.
6:40 of 2nd period - Snap shot by Dan Hamhuis.
6:40 of 2nd period - Shot Misses the Net.
6:50 of 2nd period - Wrist shot by Mats Sundin.
6:50 of 2nd period - Shot Blocked by Dan Hamhuis.
6:52 of 2nd period - Wrist shot by Ole-Kristian Tollefsen.
6:52 of 2nd period - Shot Blocked by Mike Watt.
6:54 of 2nd period - Slapshot by Mike Fisher.
6:54 of 2nd period - Stopped by Brian Elliott with a rebound.
6:56 of 2nd period - Slapshot by Ole-Kristian Tollefsen.
6:56 of 2nd period - Deflect By Peter Prucha.
6:56 of 2nd period - Shot Misses the Net.
6:56 of 2nd period - Puck is out of play.
6:57 of 2nd period - Derick Brassard wins face-off versus Steven Reinprecht in Penguins zone.
6:58 of 2nd period - Wrist shot by James Neal.
6:58 of 2nd period - Shot Misses the Net.
7:00 of 2nd period - Snap shot by Derick Brassard.
7:00 of 2nd period - Stopped by Brian Elliott with a rebound.
7:02 of 2nd period - Snap shot by Johnny Boychuk.
7:02 of 2nd period - Deflect By Steve Staios.
7:02 of 2nd period - Stopped by Brian Elliott without a rebound.
7:03 of 2nd period - Steven Reinprecht wins face-off versus Derick Brassard in Penguins zone.
7:57 of 2nd period - Icing by Brooks Orpik.
7:58 of 2nd period - Derick Brassard wins face-off versus Denis Arkhipov in Penguins zone.
7:59 of 2nd period - Slapshot by Niclas Bergfors.
7:59 of 2nd period - Shot Blocked by Brad Isbister.
8:01 of 2nd period - Snap shot by Derick Brassard.
8:01 of 2nd period - Shot Blocked by Brooks Orpik.
8:03 of 2nd period - Slapshot by Ole-Kristian Tollefsen.
8:03 of 2nd period - Stopped by Brian Elliott without a rebound.
8:04 of 2nd period - Derick Brassard wins face-off versus Ryan Kesler in Penguins zone.
9:10 of 2nd period - Dan Hamhuis is hit by Ladislav Smid and loses puck.
9:56 of 2nd period - Wrist shot by Ryan Hollweg.
9:56 of 2nd period - Deflect By Dominic Moore.
9:56 of 2nd period - Stopped by Brian Elliott without a rebound.
9:57 of 2nd period - Ville Peltonen wins face-off versus Derick Brassard in Penguins zone.
9:57 of 2nd period - Ville Peltonen is hit by Ladislav Smid.
10:24 of 2nd period - Icing by Derick Brassard.
10:25 of 2nd period - Derick Brassard wins face-off versus Taylor Pyatt in Sabres zone.
10:34 of 2nd period - Slapshot by Ryan Kesler.
10:34 of 2nd period - Shot Blocked by Derick Brassard.
10:36 of 2nd period - Wrist shot by Taylor Pyatt.
10:36 of 2nd period - Goal by Taylor Pyatt - Penguins : 3 - Sabres : 3.
10:37 of 2nd period - Ryan Kesler wins face-off versus Derick Brassard in neutral zone.
10:40 of 2nd period - Wrist shot by Ryan Kesler.
10:40 of 2nd period - Shot Misses the Net.
10:42 of 2nd period - Slapshot by Brooks Orpik.
10:42 of 2nd period - Shot Blocked by Niclas Bergfors.
11:02 of 2nd period - Ole-Kristian Tollefsen is hit by Dainius Zubrus and loses puck.
11:07 of 2nd period - Slapshot by Dainius Zubrus.
11:07 of 2nd period - Shot Blocked by Ole-Kristian Tollefsen.
11:12 of 2nd period - Icing by Derick Brassard.
11:13 of 2nd period - Ryan Kesler wins face-off versus Derick Brassard in Sabres zone.
11:57 of 2nd period - Off-side.
11:58 of 2nd period - Denis Arkhipov wins face-off versus Mats Sundin in neutral zone.
12:29 of 2nd period - Off-side.
12:30 of 2nd period - Boyd Devereaux wins face-off versus Ryan Kesler in neutral zone.
12:58 of 2nd period - Wrist shot by Niclas Bergfors.
12:58 of 2nd period - Shot Misses the Net.
13:04 of 2nd period - Snap shot by Derick Brassard.
13:04 of 2nd period - Shot Misses the Net.
13:06 of 2nd period - Snap shot by Ladislav Smid.
13:06 of 2nd period - Stopped by Brian Elliott with a rebound.
13:16 of 2nd period - Steve Downie is hit by Tom Preissing and loses puck.
13:25 of 2nd period - Snap shot by Dominic Moore.
13:25 of 2nd period - Shot Misses the Net.
13:31 of 2nd period - Minor Penalty to Tom Preissing for Roughing.
13:32 of 2nd period - Derick Brassard wins face-off versus Ryan Kesler in Penguins zone.
13:59 of 2nd period - Steve Staios is hit by Ryan Hollweg and loses puck.
14:06 of 2nd period - Slapshot by Steve Downie.
14:06 of 2nd period - Stopped by Brian Elliott with a rebound.
14:08 of 2nd period - Snap shot by Mats Sundin.
14:08 of 2nd period - Stopped by Brian Elliott with a rebound.
14:54 of 2nd period - Steve Downie is hit by Ted Purcell and loses puck.
15:15 of 2nd period - Dan Hamhuis is hit by Derick Brassard and loses puck.
15:31 of 2nd period - Penalty to Tom Preissing is over, Tom Preissing is back on ice.
15:34 of 2nd period - Dan Hamhuis is hit by Ole-Kristian Tollefsen and loses puck.
17:08 of 2nd period - Derick Brassard is hit by Dainius Zubrus and loses puck.
18:43 of 2nd period - Wrist shot by Todd White.
18:43 of 2nd period - Shot Misses the Net.
19:25 of 2nd period - Steven Reinprecht is hit by James Neal and loses puck.
Goals for this period are 1 for Penguins vs 0 for Sabres.
Shots for this period are 4 for Penguins vs 9 for Sabres.
3rd period
0:01 of 3rd period - Taylor Pyatt wins face-off versus Derick Brassard in neutral zone.
0:08 of 3rd period - Snap shot by Darren Reid.
0:08 of 3rd period - Stopped by Ty Conklin without a rebound.
0:09 of 3rd period - Niclas Bergfors wins face-off versus Ryan Kesler in Sabres zone.
0:11 of 3rd period - Minor Penalty to Derick Brassard for Hooking.
0:12 of 3rd period - Ryan Kesler wins face-off versus Dominic Moore in Sabres zone.
0:17 of 3rd period - Snap shot by Darren Reid.
0:17 of 3rd period - Shot Misses the Net.
0:23 of 3rd period - Snap shot by Taylor Pyatt.
0:23 of 3rd period - Deflect By Darren Reid.
0:23 of 3rd period - Stopped by Ty Conklin with a rebound.
0:25 of 3rd period - Snap shot by Ryan Kesler.
0:25 of 3rd period - Goal by Ryan Kesler - Penguins : 4 - Sabres : 3.
0:26 of 3rd period - Derick Brassard wins face-off versus Ryan Kesler in neutral zone.
0:35 of 3rd period - Snap shot by Niclas Bergfors.
0:35 of 3rd period - Shot Misses the Net.
0:37 of 3rd period - Wrist shot by Niclas Bergfors.
0:37 of 3rd period - Deflect By Ryan Kesler.
0:37 of 3rd period - Stopped by Brian Elliott with a rebound.
0:39 of 3rd period - Wrist shot by James Neal.
0:39 of 3rd period - Shot Misses the Net.
0:41 of 3rd period - Slapshot by Jason Smith.
0:41 of 3rd period - Deflect By Derick Brassard.
0:41 of 3rd period - Stopped by Brian Elliott without a rebound.
0:42 of 3rd period - Steven Reinprecht wins face-off versus Dominic Moore in Penguins zone.
0:51 of 3rd period - Slapshot by Ted Purcell.
0:51 of 3rd period - Stopped by Ty Conklin with a rebound.
0:53 of 3rd period - Backhand shot by Brooks Orpik.
0:53 of 3rd period - Stopped by Ty Conklin with a rebound.
0:55 of 3rd period - Wrist shot by Ted Purcell.
0:55 of 3rd period - Deflect By Steven Reinprecht.
0:55 of 3rd period - Stopped by Ty Conklin with a rebound.
1:53 of 3rd period - Snap shot by Kyle Calder.
1:53 of 3rd period - Stopped by Brian Elliott without a rebound.
1:54 of 3rd period - Derick Brassard wins face-off versus Ryan Kesler in Penguins zone.
2:15 of 3rd period - Minor Penalty to Steve Staios for Hooking.
2:16 of 3rd period - Darren Reid wins face-off versus Derick Brassard in Penguins zone.
2:52 of 3rd period - Snap shot by Ted Purcell.
2:52 of 3rd period - Stopped by Ty Conklin with a rebound.
3:40 of 3rd period - Icing by Jason Smith.
3:41 of 3rd period - Derick Brassard wins face-off versus Denis Arkhipov in Sabres zone.
4:15 of 3rd period - Penalty to Steve Staios is over, Steve Staios is back on ice.
4:30 of 3rd period - Wrist shot by Boyd Devereaux.
4:30 of 3rd period - Stopped by Brian Elliott without a rebound.
4:31 of 3rd period - Denis Arkhipov wins face-off versus Boyd Devereaux in Penguins zone.
5:04 of 3rd period - Wrist shot by James Neal.
5:04 of 3rd period - Stopped by Brian Elliott without a rebound.
5:05 of 3rd period - Ryan Kesler wins face-off versus Derick Brassard in Penguins zone.
5:18 of 3rd period - Slapshot by Derick Brassard.
5:18 of 3rd period - Stopped by Brian Elliott without a rebound.
5:19 of 3rd period - Ryan Kesler wins face-off versus Dominic Moore in Penguins zone.
5:24 of 3rd period - Wrist shot by Darren Reid.
5:24 of 3rd period - Stopped by Ty Conklin without a rebound.
5:25 of 3rd period - Ryan Kesler wins face-off versus Dominic Moore in Sabres zone.
5:38 of 3rd period - Brooks Orpik is hit by Dominic Moore and loses puck.
5:59 of 3rd period - Wrist shot by Niclas Bergfors.
5:59 of 3rd period - Stopped by Brian Elliott with a rebound.
6:24 of 3rd period - Snap shot by Dainius Zubrus.
6:24 of 3rd period - Stopped by Ty Conklin with a rebound.
6:26 of 3rd period - Snap shot by Dainius Zubrus.
6:26 of 3rd period - Shot Misses the Net.
7:09 of 3rd period - Snap shot by Niclas Bergfors.
7:09 of 3rd period - Stopped by Brian Elliott without a rebound.
7:10 of 3rd period - Denis Arkhipov wins face-off versus Derick Brassard in Penguins zone.
7:17 of 3rd period - Ladislav Smid is hit by Brad Isbister and loses puck.
7:30 of 3rd period - Minor Penalty to Nathan Paetsch for Holding.
7:31 of 3rd period - Dominic Moore wins face-off versus Ryan Kesler in Sabres zone.
7:56 of 3rd period - Dominic Moore is hit by Steve Staios and loses puck.
8:03 of 3rd period - Slapshot by Ted Purcell.
8:03 of 3rd period - Shot Misses the Net.
9:28 of 3rd period - Snap shot by Ryan Kesler.
9:28 of 3rd period - Stopped by Ty Conklin with a rebound.
9:30 of 3rd period - Penalty to Nathan Paetsch is over, Nathan Paetsch is back on ice.
11:06 of 3rd period - Ryan Kesler is hit by Todd White and loses puck.
11:19 of 3rd period - Dennis Seidenberg is hit by Jason Smith and loses puck.
12:09 of 3rd period - Tom Preissing is hit by Niclas Bergfors and loses puck.
12:18 of 3rd period - Ryan Kesler is hit by Niclas Bergfors and loses puck.
12:31 of 3rd period - Kyle Calder is hit by Tom Preissing and loses puck.
12:38 of 3rd period - Ted Purcell is hit by Kyle Calder and loses puck.
13:50 of 3rd period - Marc-Édouard Vlasic is hit by Mats Sundin.
14:08 of 3rd period - Snap shot by Dominic Moore.
14:08 of 3rd period - Stopped by Brian Elliott with a rebound.
14:18 of 3rd period - Marc-Édouard Vlasic is hit by Ole-Kristian Tollefsen and loses puck.
14:33 of 3rd period - Mike Watt is hit by Mats Sundin and loses puck.
14:57 of 3rd period - Snap shot by Ryan Hollweg.
14:57 of 3rd period - Stopped by Brian Elliott without a rebound.
14:58 of 3rd period - Denis Arkhipov wins face-off versus Dominic Moore in Penguins zone.
15:11 of 3rd period - Slapshot by Jason Smith.
15:11 of 3rd period - Stopped by Brian Elliott without a rebound.
15:12 of 3rd period - Mats Sundin wins face-off versus Steven Reinprecht in Penguins zone.
15:19 of 3rd period - Mike Fisher is hit by Brooks Orpik and loses puck.
15:36 of 3rd period - Snap shot by James Neal.
15:36 of 3rd period - Shot Blocked by Taylor Pyatt.
15:59 of 3rd period - Wrist shot by Brad Isbister.
15:59 of 3rd period - Shot Misses the Net.
16:39 of 3rd period - Snap shot by Ole-Kristian Tollefsen.
16:39 of 3rd period - Deflect By Marc-Édouard Vlasic.
16:39 of 3rd period - Stopped by Brian Elliott without a rebound.
16:40 of 3rd period - Dominic Moore wins face-off versus Steven Reinprecht in Penguins zone.
16:55 of 3rd period - Snap shot by Steve Downie.
16:55 of 3rd period - Stopped by Brian Elliott with a rebound.
17:17 of 3rd period - Slapshot by Carlo Colaiacovo.
17:17 of 3rd period - Shot Blocked by Niclas Bergfors.
17:23 of 3rd period - Snap shot by Dainius Zubrus.
17:23 of 3rd period - Stopped by Ty Conklin with a rebound.
17:55 of 3rd period - Slapshot by Dominic Moore.
17:55 of 3rd period - Shot Misses the Net.
18:57 of 3rd period - Craig Rivet is hit by Darren Reid and loses puck.
19:12 of 3rd period - Wrist shot by Taylor Pyatt.
19:12 of 3rd period - Shot Misses the Net.
19:14 of 3rd period - Snap shot by Brooks Orpik.
19:14 of 3rd period - Goal by Brooks Orpik - Penguins : 5 - Sabres : 3.
19:15 of 3rd period - Ryan Kesler wins face-off versus Dominic Moore in neutral zone.
19:26 of 3rd period - Taylor Pyatt is hit by Steve Downie and loses puck.
19:46 of 3rd period - Brad Isbister is hit by Steve Downie and loses puck.
19:57 of 3rd period - James Neal is hit by Dainius Zubrus and loses puck.
Goals for this period are 2 for Penguins vs 0 for Sabres.
Shots for this period are 12 for Penguins vs 13 for Sabres.
Output by the SimonT Hockey Simulator (STHS) for François Prévost -- Original Page W3C XHTML 1.0 Valid